 Dungeon Sprint DCSS version 0.31-a0-988-g08d55dae12 (webtiles) character file.

Game seed: 6517741153339781919

5629 Conn the Destroyer (level 10, -1/65 HPs)
             Began as an Octopode Fire Elementalist on Nov 4, 2023.
             Was an Elder of Sif Muna.
             Slain by a hellwing (5 damage)
             ... summoned by an obsidian statue
             ... in the Dungeon (Sprint II: "The Violet Keep of Menkaure").
             The game lasted 00:13:57 (1590 turns).

Conn the Destroyer (Octopode Fire Elementalist)     Turns: 1590, Time: 00:13:58

Health: -1/65      AC:  1    Str:  7    XL:     10   Next: 74%
Magic:  14/24      EV: 17    Int: 19    God:    Sif Muna [****..]
Gold:   965        SH:  0    Dex: 14    Spells: 14/30 levels left

rFire   + . .        r - +2 mace (protect)
rCold   + . .        (no shield)
rNeg    . . .        (helmet restricted)
rPois   +            (no amulet)
rElec   +            (no ring)
rCorr   +            (no ring)
SInv    .            (no ring)
Will    .....        (no ring)
Stlth   ++++++       (no ring)
HPRegen 0.30/turn    (no ring)
MPRegen 0.19/turn    (no ring)
                     (no ring)

%: no teleportation
@: resistant, mesmerised, slowed, very slow
A: almost no armour, amphibious, 8 rings, camouflage 1, gelatinous body 1,
nimble swimmer 1, tentacles, dopey 1
a: Renounce Religion, Channel Magic, Forget Spell, Divine Exegesis


You were in the Dungeon.
You worshipped Sif Muna.
Sif Muna was greatly pleased with you.
You visited 1 branch You collected 965 gold pieces.

Inventory:

Hand Weapons
 r - a +2 mace of protection (weapon)
Missiles
 c - 2 throwing nets
 q - 6 datura-tipped darts (quivered)
Armour
 p - a +0 buckler
Jewellery
 k - an amulet of the acrobat
Scrolls
 d - a scroll of revelation
 h - a scroll of vulnerability
 n - a scroll of poison
Potions
 a - 4 potions of magic
 b - 7 potions of curing
 e - 2 potions of ambrosia
 i - a potion of might
 j - a potion of resistance
 l - 2 potions of enlightenment


   Skills:
 + Level 4.7 Fighting
 + Level 8.6 Dodging
 - Level 10.0 Stealth
 + Level 4.4 Shields
 * Level 10.8 Spellcasting
 * Level 11.5 Conjurations
 * Level 7.0 Hexes
 + Level 4.3 Summonings
 + Level 8.5 Fire Magic
 + Level 4.4 Air Magic
 + Level 5.3 Poison Magic
 * Level 7.7 Invocations


You had 14 spell levels left.
You knew the following spells:

 Your Spells              Type           Power      Damage    Failure   Level
a - Foxfire               Conj/Fire      100%       2x1d9     1%          1
b - Scorch                Fire           84%        2d8       1%          2
c - Inner Flame           Hex/Fire       39%        N/A       1%          3
d - Flame Wave            Conj/Fire      48%        2d12      1%          4
e - Mephitic Cloud        Conj/Pois/Air  37%        N/A       1%          3
f - Call Imp              Summ           52%        N/A       1%          2
g - Magic Dart            Conj           100%       1d8       1%          1

Your spell library contained the following spells:

 Spells                   Type           Power      Damage    Failure   Level
 Volatile Blastmotes      Fire/Tloc      52%        2d14      3%          3


Dungeon Overview and Level Annotations

Branches:
Dungeon (1/1)

Altars:
Cheibriados
Dithmenos
Elyvilon
Fedhas
Gozag
Hepliaklqana
Kikubaaqudgha
Makhleb
Nemelex Xobeh
Okawaru
Qazlal
Ru
Sif Muna
Trog
Uskayaw
Vehumet
Wu Jian
Xom
Yredelemnul
Zin
The Shining One
Jiyva
Lugonu

Annotations:
D exclusions: obsidian statue and orange crystal statue


Innate Abilities, Weirdness & Mutations

You cannot wear most types of armour.
You are amphibious.
You can wear up to eight rings at the same time.
Your skin changes colour to match your surroundings (Stealth+).
Your rubbery body absorbs attacks. (AC +1, EV +1)
You are camouflaged when in or above water. (Stealth+)
You have tentacles for arms and can constrict up to eight enemies at once.
You are dopey. (Int -2)


Message History

As you read the scroll of blinking, it crumbles to dust.
You break out of your daze!
You feel sick.
Okay, then.
Unknown command.
Casting: Foxfire (safe; 1% risk of failure)
Confirm with . or Enter, or press ? or * to list all spells.
You conjure some foxfire!
You feel sick.
The obsidian statue's eyes glow briefly. x2
Casting: Foxfire (safe; 1% risk of failure)
Confirm with . or Enter, or press ? or * to list all spells.
Flames lash the merfolk siren.
The merfolk siren is heavily wounded.
The merfolk siren's fire resistance burns away.
You feel sick.
The foxfire hits the hellwing.
The hellwing is lightly wounded.
The foxfire hits the hellwing but does no damage.
The hellwing is lightly wounded.
The death drake is engulfed in a cloud of scalding steam.
The death drake explodes!
The fiery explosion engulfs the merfolk siren!!!!
The merfolk siren is burned terribly!
You kill the merfolk siren!
Sif Muna accepts your kill.
You can now call upon Sif Muna to cast any spell from your library.
Your Hexes skill increases to level 7!
Unknown command.
Unknown command.
Okay, then.
Unknown command.
You feel sick.
You are no longer poisoned.
The hellwing swoops through the air toward you!
The hellwing closely misses you. The hellwing barely misses you.
The obsidian statue's eyes glow briefly.
The obsidian statue attempts to bespell you!
You are mesmerised by the obsidian statue!
The hellwing is engulfed in blazing flames.
The hellwing closely misses you. The hellwing hits you.
You die...

∩,∩*~~~~*l#*#l*,...#,,*..k####▓..
,∩,*~~###*$#.*#*#..##**#^.##.#▓[(
∩,,*~##.###+#*#.##..#,,+..#..#▓[.
,,,*~#..†##.##...#..#,,#..#..#▓..
,,,'~'##.'.<.+$#m'..####..##.#▓..
,,,*~#...##.##...#....###...##▓▓▓
****~##.###'##*.##)§...§~~~~~~~~~
****~~######.####4§...§.~#'######
,+,**~~~#..##.#~@§§§§§§.~#....._.
,*'**+#~*#...##~§~§§~§~§§#...._†_
**~**,#~~##'##5~§≈§§~§~~~#..._._.
*~~~***#~~~~~§~§~~§§≈≈~~~#.._._._
~~~~~*,#+++#''5#~§§§≈≈≈≈~#._._._.
~~~~~**#...○..3##§§≈###§≈#_._._._
~~~~~*#○.○○○..°○##§≈#,#≈§#._._._.
~~,~~'°.°°°8.○°○°'≈≈#+#≈≈#_._._..
~~~~≈##..○°.....##≈≈≈≈≈≈≈########


You could see an obsidian statue (mesmerising), a soul eater (summoned), a
hellwing (summoned), a quasit (summoned) and a white imp (summoned).

Vanquished Creatures
  A kraken (D)
  2 deep trolls (D)
  A death drake (D)
  A merfolk siren (D)
  A yaktaur (D)
  3 polar bears (D)
  A hornet (D)
  3 neqoxecs (D)
  Menkaure (D)
  4 water moccasins (D)
  A swamp drake (D)
  4 necrophages (D)
  6 tentacles (D)
29 creatures vanquished.

Vanquished Creatures (collateral kills)
  A foxfire (D)
1 creature vanquished.

Vanquished Creatures (others)
  A death drake (D)
  A neqoxec (D)
  75 foxfires (D)
  26 tentacles (D)
103 creatures vanquished.

Grand Total: 133 creatures vanquished

Notes
Turn   | Place    | Note
-------+----------+-------------------------------------------
     0 | D        | Conn the Octopode Fire Elementalist began the quest for the
                  | Orb.
     0 | D        | Reached XP level 1. HP: 11/11 MP: 3/3
     1 | D        | Noticed a merfolk siren
     4 | D        | Noticed a neqoxec
     8 | D        | Gained mutation: You are dopey. (Int -2) [a neqoxec]
    13 | D        | Killed a neqoxec
    14 | D        | Reached skill level 5 in Stealth
    14 | D        | Reached skill level 5 in Spellcasting
    14 | D        | Reached skill level 5 in Conjurations
    14 | D        | Reached XP level 2. HP: 17/17 MP: 4/8
    14 | D        | Reached XP level 3. HP: 21/21 MP: 4/9
    14 | D        | Reached XP level 4. HP: 27/27 MP: 4/11
    14 | D        | Reached XP level 5. HP: 31/31 MP: 4/12
    14 | D        | Noticed a neqoxec
    23 | D        | Learned a level 2 spell: Scorch
    27 | D        | Learned a level 3 spell: Inner Flame
    27 | D        | Noticed a wyvern
    27 | D        | Noticed a wyvern
    34 | D        | Killed a neqoxec
    35 | D        | Reached skill level 5 in Dodging
    35 | D        | Reached skill level 6 in Conjurations
    35 | D        | Reached skill level 5 in Fire Magic
    35 | D        | Reached XP level 6. HP: 19/36 MP: 9/15
    44 | D        | Learned a level 4 spell: Flame Wave
    55 | D        | Reached skill level 7 in Conjurations
    55 | D        | Reached XP level 7. HP: 39/41 MP: 11/18
    79 | D        | Noticed an obsidian statue
    92 | D        | Noticed Menkaure
    95 | D        | Killed Menkaure
    96 | D        | Reached skill level 8 in Conjurations
    96 | D        | Found an opulent altar of Gozag.
    97 | D        | Found a blossoming altar of Fedhas.
    98 | D        | Found a white marble altar of Elyvilon.
    98 | D        | Found a burning altar of Makhleb.
    99 | D        | Found a shadowy altar of Dithmenos.
    99 | D        | Found a corrupted altar of Lugonu.
   100 | D        | Found a snail-covered altar of Cheibriados.
   100 | D        | Found an ancient bone altar of Kikubaaqudgha.
   100 | D        | Found a bloodstained altar of Trog.
   101 | D        | Found a viscous altar of Jiyva.
   101 | D        | Found a shimmering blue altar of Sif Muna.
   102 | D        | Found a hazy altar of Hepliaklqana.
   102 | D        | Found a sacrificial altar of Ru.
   103 | D        | Found a shimmering altar of Xom.
   104 | D        | Found a stormy altar of Qazlal.
   104 | D        | Found an ornate altar of the Wu Jian Council.
   104 | D        | Found a sparkling altar of Nemelex Xobeh.
   104 | D        | Found a hide-covered altar of Uskayaw.
   104 | D        | Found a basalt altar of Yredelemnul.
   104 | D        | Found a glowing golden altar of the Shining One.
   105 | D        | Found a radiant altar of Vehumet.
   105 | D        | Found an iron altar of Okawaru.
   105 | D        | Found a glowing silver altar of Zin.
   109 | D        | Killed a neqoxec
   114 | D        | Became a worshipper of Sif Muna the Loreminder
   128 | D        | Noticed a kraken
   285 | D        | Reached skill level 9 in Conjurations
   285 | D        | Reached XP level 8. HP: 35/46 MP: 10/20
   463 | D        | Noticed a yaktaur
   463 | D        | Noticed a hellephant
   463 | D        | Noticed a glowing orange brain
   463 | D        | Noticed a hornet
   463 | D        | Noticed a polar bear
   463 | D        | Noticed a purple draconian shifter
   575 | D        | Reached * piety under Sif Muna
   576 | D        | Reached skill level 1 in Hexes
   576 | D        | Reached skill level 1 in Invocations
   576 | D        | Noticed a flying skull
   581 | D        | Noticed a flying skull
   581 | D        | Noticed a flying skull
   581 | D        | Noticed a flying skull
   581 | D        | Noticed a flying skull
   581 | D        | Noticed a flying skull
   650 | D        | Learned a level 3 spell: Mephitic Cloud
   653 | D        | Learned a level 2 spell: Call Imp
   653 | D        | Noticed a deep troll
   659 | D        | Noticed a deep troll
   685 | D        | Killed a deep troll
   686 | D        | Reached skill level 1 in Fighting
   686 | D        | Reached skill level 10 in Stealth
   686 | D        | Reached skill level 1 in Shields
   686 | D        | Reached skill level 1 in Summonings
   686 | D        | Reached skill level 1 in Air Magic
   881 | D        | Killed a deep troll
   882 | D        | Reached skill level 10 in Conjurations
   882 | D        | Reached XP level 9. HP: 55/55 MP: 7/22
   924 | D        | Learned a level 1 spell: Magic Dart
  1017 | D        | Reached ** piety under Sif Muna
  1020 | D        | Killed a polar bear
  1043 | D        | Killed a hornet
  1043 | D        | Killed a yaktaur
  1044 | D        | Reached skill level 5 in Hexes
  1044 | D        | Reached skill level 5 in Invocations
  1156 | D        | Noticed an orange crystal statue
  1198 | D        | Killed a kraken
  1199 | D        | Reached skill level 10 in Spellcasting
  1199 | D        | Reached skill level 11 in Conjurations
  1199 | D        | Reached XP level 10. HP: 21/63 MP: 1/24
  1355 | D        | Reached *** piety under Sif Muna
  1357 | D        | Noticed a death drake
  1369 | D        | Killed a death drake
  1370 | D        | Reached skill level 5 in Poison Magic
  1575 | D        | Noticed a death drake
  1589 | D        | Noticed a soul eater
  1589 | D        | Killed a death drake
  1589 | D        | Killed a merfolk siren
  1589 | D        | Reached **** piety under Sif Muna
  1590 | D        | Slain by a hellwing

Illustrated notes

Levels and vault maps discovered:
D:        the_violet_keep_of_menkaure [sprint2_stairs_cluster_1,
          sprint2_shoproom, sprint2_temple, sprint2_basic_supplies,
          sprint2_obstacle_3, sprint2_obstacle_4, sprint2_obstacle_6,
          sprint2_obstacle_2, sprint2_obstacle_5, sprint2_timed_cluster_1,
          sprint2_smallroom_cluster_1, sprint2_smallroom_final_cluster_1,
          sprint2_transparent_cluster_1, sprint2_second_timed_cluster_1,
          sprint2_sniper_area_1, sprint2_heavy_combat_area_1,
          sprint2_mutation_trap_area_1, sprint2_forest_area_1,
          sprint2_light_combat_area_1, sprint2_behind_water_1,
          sprint2_near_end_vault_1]

Skill      XL: |  1  2  3  4  5  6  7  8  9 10 |
---------------+-------------------------------+-----
Dodging        | 4 5 6 7 8 |  8.6
Stealth        | 5 7 8 9 10 | 10.0
Spellcasting   | 5 6 7 8 9 10 | 10.8
Conjurations   | 5 6 7 9 10 11 | 11.5
Fire Magic     | 4 5 6 7 8 |  8.5
Hexes          | 3 5 7 |  7.0
Invocations    | 4 6 7 |  7.7
Fighting       | 2 3 4 |  4.7
Shields        | 2 3 4 |  4.4
Summonings     | 2 3 4 |  4.3
Air Magic      | 2 3 4 |  4.4
Poison Magic   | 2 4 5 |  5.3

Action                     |  1- 3 |  4- 6 |  7- 9 | 10-12 || total
---------------------------+-------+-------+-------+-------++-------
  Melee: Unarmed           |     6 |       |       |       ||     6
         Tentacles         |     2 |       |     3 |       ||     5
         Constrict         |     1 |       |       |       ||     1
         Mace              |       |       |     6 |       ||     6
  Throw: Dart              |       |       |    10 |       ||    10
   Cast: Scorch            |       |     5 |    27 |     5 ||    37
         Inner Flame       |       |     2 |    14 |     2 ||    18
         Flame Wave        |       |     1 |       |     3 ||     4
         Foxfire           |       |       |    40 |     6 ||    46
         Call Imp          |       |       |     5 |     1 ||     6
         Mephitic Cloud    |       |       |     2 |       ||     2
 Invoke: Channel Magic     |       |       |     1 |       ||     1
    Use: Potion            |     2 |     3 |     2 |     1 ||     8
         Scroll            |       |       |     7 |     1 ||     8
 Armour: Skin              |       |     4 |    16 |    15 ||    35
  Dodge: Dodged            |     1 |     4 |    17 |    16 ||    38

Table legend: (Time is in decaauts)
 A = Elapsed time spent in this place.
 B = Non-inter-level travel time spent in this place.
 C = Inter-level travel time spent in this place.
 D = Time resting spent in this place.
 E = Time spent auto-exploring this place.
 F = Levels seen in this place.
 G = Mean time per level.
                   A        B        C        D        E       F      G
               +--------+--------+--------+--------+--------+-----+--------+
         Total |   1584 |   1584 |      0 |    821 |      0 |   1 | 1584.0 |
       Dungeon |   1584 |   1584 |      0 |    821 |      0 |   1 | 1584.0 |
               +--------+--------+--------+--------+--------+-----+--------+

Top non-repeatable levels by time:
       D: 1584 daAuts
